 Dungeon Crawl Stone Soup version 0.18-a0-486-gab6c0bd (webtiles) character file.

104 Raultor the Insei (level 4, -5/35 HPs)
             Began as a Vampire Monk on Dec 2, 2015.
             Slain by a river rat (8 damage)
             ... on level 3 of the Dungeon.
             The game lasted 00:05:04 (1920 turns).

Raultor the Insei (Vampire Monk)                    Turns: 1920, Time: 00:05:04

Health: -5/35      AC:  3    Str: 11    XL:     4   Next: 52%
Magic:  13/13      EV: 13    Int: 12    God:
Gold:   153        SH:  0    Dex: 16    Spells: 0 memorised, 3 levels left

rFire  . . .     SeeInvis +       - Unarmed
rCold  + . .     Clarity  .     h - +0 leather armour (curse)
rNeg   + + .     SustAt   .     (no shield)
rPois  +         Gourm    .     (no helmet)
rElec  .         Spirit   .     (no cloak)
rCorr  .         Dismiss  .     (no gloves)
rMut   .         Stasis   .     (no boots)
MR     .....                    (no amulet)
Stlth  ++........               (no ring)
                                k - ring of magical power

@: very slightly contaminated, regenerating slowly, hasted, very quick, not
resistant to hostile enchantments, unstealthy
A: fangs 3, see invisible, unbreathing
a: Bat Form


You were on level 3 of the Dungeon.
You were very thirsty.

You visited 1 branch of the dungeon, and saw 3 of its levels.

You collected 153 gold pieces.

Inventory:

Armour
 h - a cursed +0 leather armour (worn)
Jewellery
 k - a ring of magical power (left hand)
Wands
 m - a wand of lightning (8)
 r - a wand of disintegration (7)
Scrolls
 a - 4 scrolls of identify {unknown}
 c - 2 scrolls of remove curse {unknown}
 f - a scroll of amnesia {unknown}
 g - 2 scrolls of magic mapping {unknown}
 i - a scroll of fear {unknown}
 j - a scroll of random uselessness {unknown}
 l - a scroll of enchant armour {unknown}
 n - a scroll of enchant weapon {unknown}
 p - a scroll of teleportation {unknown}
 q - a scroll of fog {unknown}
Potions
 b - 7 potions of blood
 d - a potion of haste
 e - a potion of curing
 o - a potion of berserk rage {unknown}


   Skills:
 + Level 3.2 Fighting
 + Level 1.5 Armour
 + Level 3.8 Dodging
 - Level 3.0 Stealth
 + Level 5.2 Unarmed Combat


You had 3 spell levels left.
You didn't know any spells.

Dungeon Overview and Level Annotations

Branches:
Dungeon (3/15)

Altars:
Cheibriados
Sif Muna
Zin
The Shining One


Innate Abilities, Weirdness & Mutations

You heal slowly.
You have razor-sharp teeth.
You have supernaturally acute eyesight.
You can survive without breathing.


Message History

The adder is heavily wounded.
You barely miss the adder. Your punch misses the adder.
The adder is heavily wounded.
The adder closely misses you.
You punch the adder!
The adder is almost dead.
The adder bites you.
* * * LOW HITPOINT WARNING * * *
You barely miss the adder.
The adder is almost dead.
The adder barely misses you.
You hit the adder.
You kill the adder!
The river rat bites you.
* * * LOW HITPOINT WARNING * * *
You hit the river rat but do no damage. You hit the river rat.
The river rat is heavily wounded.
The river rat bites you!
You die...

...............).....
.....(......###.##...#
............#........#
.....................
......##......#.#....
###.............#....
+...........###.# ...
####...........# .. ...
#..@r..........# .# ......
#.##...........# .......
#.##...........# ...........
#..............##### ...........
#...................
....#.......##.............######
....#.......##...........###
....#.......##...........#
...##.......##...........#


You could see a river rat.

Vanquished Creatures
  3 gnolls (D:3)
  2 adders
  An ooze (D:1)
  2 worms
  3 giant geckos
  An orc (D:3)
  5 bats
  A giant cockroach (D:2)
  5 hobgoblins
  A ball python (D:3)
  3 giant newts
  6 goblins
  8 kobolds
  5 rats
46 creatures vanquished.

Notes
Turn   | Place    | Note
--------------------------------------------------------------
     0 | D:1      | Raultor the Vampire Monk began the quest for the Orb.
     0 | D:1      | Reached XP level 1. HP: 17/17 MP: 1/1
   166 | D:1      | Reached XP level 2. HP: 20/23 MP: 2/2
   588 | D:1      | Reached skill level 5 in Unarmed Combat
   789 | D:2      | Reached XP level 3. HP: 13/29 MP: 3/3
   987 | D:2      | Found a faded altar to an unknown god.
  1044 | D:2      | Found a deep blue altar of Sif Muna.
  1242 | D:2      | Found a glowing golden altar of the Shining One.
  1246 | D:2      | Found a glowing silver altar of Zin.
  1249 | D:2      | Found a snail-covered altar of Cheibriados.
  1584 | D:3      | Reached skill level 1 in Armour
  1627 | D:3      | Reached XP level 4. HP: 27/35 MP: 4/4
  1920 | D:3      | Slain by a river rat

Vault maps used:
D:1:      sevenhm_arrival_forest_fort_small_3
D:2:      minitemple, lemuel_blue_sif_altar, ecumenical_altar_1,
          hangedman_decor_clover_reticule
D:3:      portal_sewer_entry_b

Action                   |  1- 3 |  4- 6 || total
-------------------------+-------+-------++-------
Melee: Unarmed           |   127 |    31 ||   158
  Use: Potion            |       |     2 ||     2
 Stab: Sleeping          |     4 |       ||     4
       Distracted        |       |     1 ||     1
  Eat: Corpse            |     1 |       ||     1
